 Dungeon Sprint DCSS version 0.22-a0-396-g3f858e3 (webtiles) character file.

3978 emperorscorpion the Carver (level 10, -2/57 HPs)
             Began as a Vine Stalker Warper on May 4, 2018.
             Was the Champion of Cheibriados.
             Slain by a dire elephant (20 damage)
             ... in the Dungeon (Sprint IX: "|||||||||||||||||||||||||||||").
             The game lasted 00:07:04 (757 turns).

emperorscorpion the Carver (Vine Stalker Warper)     Turns: 757, Time: 00:07:05

Health: -2/57      AC:  6    Str: 32    XL:     10   Next: 22%
Magic:  0/24       EV: 19    Int: 31    God:    Cheibriados [******]
Gold:   0          SH:  0    Dex: 32    Spells: 13/27 levels left

rFire    . . .     SeeInvis .   a - +2 scimitar (holy)
rCold    . . .     Gourm    .   (no shield)
rNeg     . . .     Faith    .   x - +0 troll leather armour
rPois    .         Spirit   +   r - +0 helmet
rElec    .         Reflect  .   (no cloak)
rCorr    .         Harm     .   (no gloves)
MR       +....     NoTele   +   (no boots)
Stlth    +++.......             (no amulet)
HPRegen  0.99/turn              t - +3 ring of intelligence
MPRegen  0.19/turn              u - +3 ring of strength

@: very slow
A: fangs 3, regeneration 1, magic shield, antimagic bite, no potion heal 3, rot
immunity
a: Bend Time, Temporal Distortion, Slouch, Step From Time, Renounce Religion


You were in the Dungeon.
You worshipped Cheibriados.
Cheibriados was exalted by your worship.
You were not hungry.

You visited 1 branch

Inventory:

Hand Weapons
 a - a +2 scimitar of holy wrath (weapon)
 b - a +0 shortbow
 q - a +0 falchion
Missiles
 e - 5 tomahawks of dispersal (quivered)
 v - 23 arrows
 y - 4 stones
Armour
 r - a +0 helmet (worn)
 s - a +0 plate armour
 w - a +0 leather armour
 x - a +0 troll leather armour (worn)
Magical Staves
 p - an uncursed staff of energy
Jewellery
 t - a +3 ring of intelligence (left hand)
 u - a +3 ring of strength (right hand)
Wands
 o - a wand of acid (4)
Scrolls
 c - 2 scrolls of enchant weapon
 d - 5 scrolls of blinking
 m - 4 scrolls of remove curse
 n - 2 scrolls of amnesia
 D - a scroll of identify
Potions
 g - 4 potions of curing
 h - 3 potions of heal wounds
 i - a potion of haste
 j - 4 potions of magic
 k - 2 potions of berserk rage
 l - a potion of invisibility
 z - a potion of resistance
 A - a potion of agility
 B - 2 potions of mutation
Miscellaneous
 C - a crystal ball of energy
Comestibles
 f - 2 rations
 E - 7 chunks of flesh


   Skills:
 + Level 8.8 Fighting
 + Level 11.3 Long Blades
 + Level 3.3 Bows
 + Level 1.4 Throwing
 + Level 6.7 Armour
 + Level 5.9 Dodging
 + Level 1.0 Stealth
 + Level 9.3 Spellcasting
 + Level 3.8 Charms
 + Level 9.5 Translocations
 + Level 3.6 Evocations


You had 13 spell levels left.
You knew the following spells:

 Your Spells              Type           Power        Failure   Level  Hunger
a - Passage of Golubria   Tloc           N/A          1%          4    None
b - Blink                 Tloc           N/A          1%          2    None
c - Teleport Other        Tloc           ######..     1%          3    None
d - Lesser Beckoning      Tloc           ######....   1%          3    None
g - Shroud of Golubria    Chrm/Tloc      ######....   1%          2    None


Dungeon Overview and Level Annotations

Branches:
Dungeon (1/1)

Altars:
Cheibriados
Dithmenos
Elyvilon
Fedhas
Gozag
Hepliaklqana
Kikubaaqudgha
Makhleb
Nemelex Xobeh
Okawaru
Qazlal
Ru
Sif Muna
Trog
Uskayaw
Vehumet
Wu Jian
Xom
Yredelemnul
Zin
The Shining One
Beogh
Jiyva
Lugonu


Innate Abilities, Weirdness & Mutations

You have razor-sharp teeth.
Your natural rate of healing is unusually fast.
When hurt, damage is shared between your health and your magic reserves.
Your bite disrupts and absorbs the magic of your enemies.
Potions cannot restore your health.
You are immune to rotting.


Message History

Press: ? - help, Shift-Dir - straight line, f/p - dire elephant
Aim: a dire elephant (chance to defeat MR: 23%)
The dire elephant resists with almost no effort.
The dire elephant completely misses you.
You riposte.
You hit the dire elephant but do no damage.
You bite the dire elephant. You drain its power.
You feel invigorated.
The dire elephant is lightly wounded.
The dire elephant trunk-slaps you but does no damage.
You slice the dire elephant!!
You bite the dire elephant, but do no damage.
The dire elephant is moderately wounded.
The dire elephant tramples you but does no damage.
The dire elephant trunk-slaps you!
* * * LOW HITPOINT WARNING * * *
You hit the dire elephant but do no damage.
You bite the dire elephant, but do no damage.
The dire elephant is moderately wounded.
The dire elephant tramples you!!
You die...

▓▓▓▓▓▓▓▓▓▓▓▓▓▓▓▓▓▓▓▓▓▓▓▓▓▓▓▓▓▓▓▓
†..^†(.l..D...(+@YYYY..(.'..YYYY
▓▓▓▓▓▓▓▓▓▓▓▓▓▓▓▓▓▓▓▓▓▓▓▓▓▓▓▓▓▓▓▓▓
....................^.....§......
▓▓▓▓▓▓▓▓▓▓▓▓▓▓▓▓▓▓▓▓▓▓▓▓▓▓▓▓▓▓▓▓▓
'________________________'...).[.
▓▓▓▓▓▓▓▓▓▓▓▓▓▓▓▓▓▓▓▓▓▓▓▓▓▓▓▓▓▓▓▓▓


You could see a dire elephant and 3 elephants.

Vanquished Creatures
  A centaur warrior (D)
  3 elephants (D)
  A gargoyle (D)
  A troll (D)
  A blink frog (D)
  A hippogriff (D)
  A basilisk (D)
  4 water moccasins (D)
  4 porcupines (D)
  A wolf (D)
  A centaur (D)
  A crocodile (D)
  A big kobold (D)
  A bullfrog (D)
  A killer bee (D)
  A hound (D)
  A worker ant (D)
  2 adder skeletons (D)
  A dart slug (D)
  2 orcs (D)
  A ball python (D)
  2 jackals (D)
  A quokka (D)
  A bat (D)
  A giant cockroach zombie (D)
  A kobold (D)
  2 rats (D)
39 creatures vanquished.

Notes
Turn   | Place    | Note
-------+----------+-------------------------------------------
     0 | D        | emperorscorpion the Vine Stalker Warper began the quest for the Orb.
     0 | D        | Reached XP level 1. HP: 11/11 MP: 4/4
     9 | D        | Reached skill level 2 in Long Blades
   299 | D        | Reached XP level 2. HP: 14/16 MP: 6/6
   306 | D        | Reached skill level 1 in Throwing
   306 | D        | Reached skill level 1 in Armour
   309 | D        | Reached skill level 3 in Long Blades
   321 | D        | Found a roughly hewn altar of Beogh.
   321 | D        | Found a snail-covered altar of Cheibriados.
   321 | D        | Found a shadowy altar of Dithmenos.
   321 | D        | Found a white marble altar of Elyvilon.
   321 | D        | Found a blossoming altar of Fedhas.
   321 | D        | Found an opulent altar of Gozag.
   322 | D        | Found a hazy altar of Hepliaklqana.
   323 | D        | Found a viscous altar of Jiyva.
   324 | D        | Found an ancient bone altar of Kikubaaqudgha.
   325 | D        | Became a worshipper of Cheibriados the Contemplative
   326 | D        | Found a corrupted altar of Lugonu.
   327 | D        | Found a burning altar of Makhleb.
   328 | D        | Found a sparkling altar of Nemelex Xobeh.
   329 | D        | Found an iron altar of Okawaru.
   330 | D        | Found a stormy altar of Qazlal.
   331 | D        | Found a sacrificial altar of Ru.
   332 | D        | Found a deep blue altar of Sif Muna.
   333 | D        | Found a bloodstained altar of Trog.
   334 | D        | Found a hide-covered altar of Uskayaw.
   335 | D        | Found a radiant altar of Vehumet.
   336 | D        | Found an ornate altar of the Wu Jian Council.
   337 | D        | Found a shimmering altar of Xom.
   338 | D        | Found a basalt altar of Yredelemnul.
   339 | D        | Found a glowing silver altar of Zin.
   340 | D        | Found a glowing golden altar of the Shining One.
   436 | D        | Noticed a centaur
   436 | D        | Noticed a killer bee
   439 | D        | Reached skill level 4 in Long Blades
   439 | D        | Reached XP level 3. HP: 18/20 MP: 9/9
   440 | D        | Reached * piety under Cheibriados
   443 | D        | Killed a centaur
   443 | D        | Reached ** piety under Cheibriados
   443 | D        | Reached skill level 5 in Long Blades
   443 | D        | Gained mutation: Your natural rate of healing is unusually fast. [Vine Stalker growth]
   443 | D        | Reached XP level 4. HP: 20/25 MP: 9/11
   443 | D        | Reached XP level 5. HP: 23/29 MP: 9/12
   443 | D        | Reached skill level 6 in Long Blades
   447 | D        | Reached skill level 5 in Spellcasting
   465 | D        | Learned a level 2 spell: Blink
   468 | D        | Learned a level 2 spell: Shroud of Golubria
   474 | D        | Noticed a gargoyle
   474 | D        | Noticed a troll
   474 | D        | Noticed a big kobold
   474 | D        | Noticed a centaur warrior
   477 | D        | Killed a troll
   477 | D        | Reached *** piety under Cheibriados
   477 | D        | Reached skill level 5 in Fighting
   477 | D        | Reached skill level 7 in Long Blades
   477 | D        | Reached skill level 1 in Charms
   477 | D        | Reached skill level 1 in Evocations
   477 | D        | Reached XP level 6. HP: 22/36 MP: 1/15
   477 | D        | Reached XP level 7. HP: 24/39 MP: 1/16
   478 | D        | Killed a gargoyle
   478 | D        | Reached **** piety under Cheibriados
   478 | D        | Reached skill level 8 in Long Blades
   478 | D        | Reached skill level 5 in Armour
   478 | D        | Reached skill level 5 in Translocations
   485 | D        | Killed a centaur warrior
   485 | D        | Reached skill level 9 in Long Blades
   485 | D        | Reached skill level 5 in Dodging
   485 | D        | Gained mutation: You have razor-sharp teeth. [Vine Stalker growth]
   485 | D        | Reached XP level 8. HP: 12/46 MP: 6/19
   486 | D        | Reached ***** piety under Cheibriados
   507 | D        | Learned a level 4 spell: Passage of Golubria
   611 | D        | Learned a level 3 spell: Teleport Other
   615 | D        | Learned a level 3 spell: Lesser Beckoning
   632 | D        | Reached skill level 10 in Long Blades
   633 | D        | Noticed a blink frog
   633 | D        | Reached XP level 9. HP: 42/50 MP: 18/21
   640 | D        | Reached skill level 1 in Bows
   641 | D        | Reached ****** piety under Cheibriados
   680 | D        | Noticed a komodo dragon
   680 | D        | Noticed a five-headed hydra
   699 | D        | Noticed an elephant
   701 | D        | Noticed an elephant
   705 | D        | Reached skill level 1 in Stealth
   718 | D        | Killed an elephant
   718 | D        | Reached skill level 11 in Long Blades
   718 | D        | Reached XP level 10. HP: 25/57 MP: 17/24
   723 | D        | Killed an elephant
   736 | D        | Noticed an elephant
   736 | D        | Noticed an elephant
   736 | D        | Noticed an elephant
   736 | D        | Noticed an elephant
   736 | D        | Noticed a dire elephant
   736 | D        | Noticed an elephant
   746 | D        | Killed an elephant
   757 | D        | Slain by a dire elephant

Vault maps used:
D:        linesprint

Skill      XL: |  1  2  3  4  5  6  7  8  9 10 |
---------------+-------------------------------+-----
Long Blades    | 2 4 5 7 9 10 11 | 11.3
Fighting       | 2 3 4 5 7 8 |  8.8
Throwing       | 1 |  1.4
Armour         | 1 2 4 6 |  6.7
Dodging        | 2 3 4 5 |  5.9
Spellcasting   | 3 4 5 7 9 |  9.3
Charms         | 1 3 |  3.8
Translocations | 4 6 9 |  9.5
Evocations     | 1 2 3 |  3.6
Bows           | 2 3 |  3.3
Stealth        | 1 |  1.0

Action                   |  1- 3 |  4- 6 |  7- 9 | 10-12 || total
-------------------------+-------+-------+-------+-------++-------
Melee: Falchion          |    33 |       |       |       ||    33
       Bite              |     6 |     2 |    29 |    15 ||    52
       Scimitar          |     5 |     4 |    53 |    17 ||    79
 Fire: Shortbow          |       |       |    13 |     2 ||    15
 Cast: Passage of Golubr |       |       |     7 |     1 ||     8
       Blink             |       |       |     9 |       ||     9
       Shroud of Golubri |       |       |     1 |     1 ||     2
       Teleport Other    |       |       |       |     4 ||     4
Evoke: Wand              |     1 |     3 |     2 |       ||     6
  Use: Potion            |       |     1 |       |       ||     1
Armor: Leather armour    |     9 |       |       |       ||     9
       Plate armour      |     5 |     3 |     2 |       ||    10
       Troll leather arm |       |       |    12 |     3 ||    15
Dodge: Dodged            |    26 |     1 |    41 |    11 ||    79
       Rpst.: Falchion   |     5 |       |       |       ||     5
       Scimitar          |       |       |     8 |     2 ||    10

Table legend:
 A = Spawn XP
 B = Non-spawn XP
 C = Spawn XP percentage of total XP
 D = Spawn monster count
 E = Non-spawn monster count
 F = Spawn count percentage of total count
 G = Total turns spent on level
                    A         B        C        D         E        F      G
               +---------+---------+-------+---------+---------+-------+---------
         Total |       0 |    5683 |   0.0 |       0 |      39 |   0.0 |   757
               +---------+---------+-------+---------+---------+-------+---------
             D |       0 |    5683 |   0.0 |       0 |      39 |   0.0 |   757
               +---------+---------+-------+---------+---------+-------+---------
